 Dungeon Crawl Stone Soup version 0.24-a0-115-gd155597 (webtiles) character file.

Game seed: 8636661276151660369

1655 snowfan the Magician (level 9, -2/55 HPs)
             Began as an Octopode Venom Mage on Feb 16, 2019.
             Slain by an ice beast (10 damage)
             ... on level 6 of the Dungeon.
             The game lasted 00:40:19 (6407 turns).

snowfan the Magician (Octopode Venom Mage)          Turns: 6407, Time: 00:40:22

Health: -2/55      AC:  1    Str:  7      XL:     9   Next: 0%
Magic:  5/19       EV: 15    Int: 20      God:
Gold:   309        SH:  0    Dex: 12 (13) Spells: 12/22 levels left

rFire    . . .     SeeInvis .   l - +2 dagger (elec)
rCold    . . .     Gourm    .   (no shield)
rNeg     . . .     Faith    .   (helmet restricted)
rPois    .         Spirit   .   (no amulet)
rElec    .         Reflect  .   (no ring)
rCorr    .         Harm     .   (no ring)
MR       .....                  (no ring)
Stlth    +++.......             (no ring)
HPRegen  0.18/turn              (no ring)
MPRegen  0.16/turn              (no ring)
                                (no ring)
                                (no ring)

@: no status effects
A: almost no armour, stealthy swim, amphibious, 8 rings, constrict 8, camouflage
1, gelatinous body 1
a: no special abilities


You were on level 6 of the Dungeon.
You were not hungry.

You visited 1 branch of the dungeon, and saw 6 of its levels.

You collected 309 gold pieces.

Inventory:

Hand Weapons
 l - a +2 dagger of electrocution (weapon)
 p - a +0 blowgun
 v - a +5 club
 w - a +1 short sword of venom
Missiles
 a - 110 stones (quivered)
 d - 4 javelins
 q - 7 curare-tipped needles
 x - 4 needles of paralysis
 C - 18 sling bullets
Wands
 e - a wand of scattershot (5)
 g - a wand of flame (11)
 m - a wand of random effects (15)
 u - a wand of iceblast (6)
Scrolls
 c - a scroll of teleportation {unknown}
 h - 6 scrolls of remove curse {unknown}
 j - 6 scrolls of identify {unknown}
 k - a scroll of blinking {unknown}
 n - 2 scrolls of enchant weapon {unknown}
 s - a scroll of amnesia {unknown}
 y - a scroll of fog {unknown}
 A - 2 scrolls of magic mapping {unknown}
 D - a scroll of fear {unknown}
Potions
 f - 3 potions of curing
 i - 3 potions of brilliance {unknown}
 o - 2 potions of might {unknown}
 r - 3 potions of heal wounds
 t - a potion of flight {unknown}
 z - a potion of agility {unknown}
Comestibles
 b - 6 rations


   Skills:
 + Level 2.4 Fighting
 + Level 4.6 Dodging
 - Level 2.6 Stealth
 * Level 7.1 Spellcasting
 + Level 2.8 Conjurations
 + Level 2.6 Air Magic
 + Level 6.8 Poison Magic


You had 12 spell levels left.
You knew the following spells:

 Your Spells              Type           Power        Failure   Level  Hunger
a - Sting                 Conj/Pois      ####         1%          1    None
c - Mephitic Cloud        Conj/Pois/Air  ###.....     5%          3    #......
q - Olgreb's Toxic Radia  Pois           ####....     5%          4    ###....
v - Poisonous Vapours     Pois/Air       ####..       1%          2    None

Your spell library contained the following spells:

 Spells                   Type           Power        Failure   Level  Hunger
 Venom Bolt               Conj/Pois      ####......   34%         5    #####..


Dungeon Overview and Level Annotations

Branches:
Dungeon (6/15)
 Temple: D:4-7

Altars:
Fedhas
Xom

Annotations:
D:2 Grinder
D:5 Menkaure


Innate Abilities, Weirdness & Mutations

You cannot wear most types of armour.
You are very stealthy in the water. (Stealth+)
You are amphibious.
You can wear up to eight rings at the same time.
You can use your tentacles to constrict eight enemies at once.
Your skin changes colour to match your surroundings (Stealth+).
Your rubbery body absorbs attacks. (AC +1, EV +1)


Message History

You barely miss the phantom.
The phantom is moderately damaged.
The phantom misses you.
You hit the phantom. Lightning courses through the phantom!
The phantom is almost destroyed.
The phantom hits you.
* * * LOW HITPOINT WARNING * * *
The ice beast misses you.
You hit the phantom. Lightning courses through the phantom!!
You destroy the phantom!
You feel your dexterity returning.
You have reached level 9!
Your experience leads to an increase in your attributes!
Your base attributes are Str 7, Int 19, Dex 13.
Increase (S)trength, (I)ntelligence, or (D)exterity?
You feel clever. The ice beast hits you.
* * * LOW HITPOINT WARNING * * *
The ice beast freezes you!
You die...

## ### .. ..# #.##### #.#
#.....# ###.#
#####.###.#####...#########
.......<...Y@.............+
#####.#.#.#####.........###
# #.#.#.............#
#.#.#.#####.#..#..# #.#.#.#
#.......# #.#.#.# #....:..#
####.#.#.#.#####.......#
..........................
#####.#.#.######.##.....#..


You could see an ice beast.

Vanquished Creatures
  A hippogriff (D:5)
  A water moccasin (D:5)
  Purgy (D:3)
  2 ogres (D:4)
  A phantom (D:6)
  3 centaurs
  2 scorpions (D:4)
  A howler monkey (D:6)
  A quasit (D:6)
  A centaur skeleton (D:5)
  A hound (D:4)
  2 orc wizards (D:5)
  An iguana (D:4)
  Terence (D:2)
  Jessica (D:3)
  Ijyb (D:3)
  Natasha (thrice) (D:2)
  4 worker ants
  A killer bee zombie (D:6)
  Robin (D:2)
  A howler monkey skeleton (D:5)
  6 adders
  3 worms
  5 dart slugs
  6 leopard geckos
  16 orcs
  3 giant cockroaches
  12 goblins
  12 hobgoblins
  2 jackals (D:5)
  3 quokkas
  4 bats
  6 frilled lizards
  4 kobolds
  3 leopard gecko skeletons
  5 rats
121 creatures vanquished.

Notes
Turn   | Place    | Note
-------+----------+-------------------------------------------
     0 | D:1      | snowfan the Octopode Venom Mage began the quest for the
                  | Orb.
     0 | D:1      | Reached XP level 1. HP: 11/11 MP: 3/3
   362 | D:1      | Reached XP level 2. HP: 17/17 MP: 3/5
   371 | D:1      | Learned a level 2 spell: Poisonous Vapours
   927 | D:1      | Reached skill level 3 in Spellcasting
  1129 | D:1      | Reached XP level 3. HP: 21/21 MP: 4/7
  1674 | D:2      | Noticed Robin
  1834 | D:2      | Noticed Natasha
  1891 | D:2      | Reached XP level 4. HP: 25/27 MP: 0/9
  2035 | D:2      | Killed Natasha
  2035 | D:2      | Reached skill level 4 in Spellcasting
  2136 | D:2      | Killed Robin
  2182 | D:2      | Reached XP level 5. HP: 25/31 MP: 4/11
  2447 | D:2      | Noticed Terence
  2465 | D:2      | Killed Terence
  2578 | D:2      | Noticed Natasha
  2582 | D:2      | Killed Natasha
  2583 | D:2      | Noticed Natasha
  2590 | D:2      | Killed Natasha
  2685 | D:2      | Found a blossoming altar of Fedhas.
  3114 | D:3      | Noticed Ijyb
  3118 | D:3      | Noticed Purgy
  3132 | D:3      | Killed Ijyb
  3132 | D:3      | Reached XP level 6. HP: 30/36 MP: 6/13
  3183 | D:3      | Noticed Jessica
  3417 | D:3      | Noticed Grinder
  3636 | D:3      | Killed Jessica
  3636 | D:3      | Reached skill level 5 in Spellcasting
  3636 | D:3      | Reached skill level 5 in Poison Magic
  3670 | D:3      | Killed Purgy
  3964 | D:3      | Reached XP level 7. HP: 26/41 MP: 6/15
  4638 | D:4      | Learned a level 3 spell: Mephitic Cloud
  4711 | D:4      | Reached skill level 6 in Spellcasting
  5047 | D:4      | Reached skill level 1 in Air Magic
  5047 | D:4      | Reached XP level 8. HP: 47/47 MP: 12/17
  5338 | D:4      | You fall through a shaft!
  5338 | D:5      | Entered Level 5 of the Dungeon
  5534 | D:5      | Learned a level 4 spell: Olgreb's Toxic Radiance
  5551 | D:5      | Found a shimmering altar of Xom.
  5554 | D:5      | Noticed a hippogriff
  5580 | D:5      | Killed a hippogriff
  5580 | D:5      | Reached skill level 1 in Fighting
  6141 | D:5      | Noticed Menkaure
  6401 | D:6      | Reached skill level 7 in Spellcasting
  6407 | D:6      | Reached XP level 9. HP: 13/55 MP: 5/19
  6407 | D:6      | Slain by an ice beast

Levels and vault maps discovered:
D:1:      dpeg_arrival_round_c, layout_basic, minmay_pentomino_x2
D:2:      layout_basic, marbit_many_paths, uniq_robin, uniq_terence,
          uniq_natasha
D:3:      layout_rooms, kennysheep_big_empty_room, uniq_jessica, uniq_ijyb,
          uniq_grinder, uniq_purgy
D:4:      layout_basic
D:5:      layout_basic, kennysheep_mini_moat, first_ration, uniq_duvessa,
          uniq_menkaure
D:6:      layout_basic

Skill      XL: |  1  2  3  4  5  6  7  8 |
---------------+-------------------------+-----
Spellcasting   | 3 4 5 6 7 |  7.1
Poison Magic   | 4 5 6 |  6.8
Dodging        | 3 4 |  4.6
Air Magic      | 1 2 |  2.6
Fighting       | 2 |  2.4
Conjurations   | 2 |  2.8
Stealth        | |  2.6

Action                   |  1- 3 |  4- 6 |  7- 9 || total
-------------------------+-------+-------+-------++-------
Melee: Unarmed           |     7 |       |       ||     7
       Constrict         |     6 |     7 |     8 ||    21
       Dagger            |    19 |    33 |    54 ||   106
       Tentacles         |     3 |     7 |     9 ||    19
 Fire: Blowgun           |       |     4 |       ||     4
 Cast: Sting             |    22 |    10 |     3 ||    35
       Poisonous Vapours |    21 |    55 |    54 ||   130
       Olgreb's Toxic Ra |       |       |    10 ||    10
       Mephitic Cloud    |       |       |     3 ||     3
 Stab: Sleeping          |       |     1 |     2 ||     3
  Eat: Chunk             |     3 |     8 |     9 ||    20
Armor: Skin              |     1 |     1 |     2 ||     4
Dodge: Dodged            |    24 |    27 |    49 ||   100

Table legend:
 A = Non-vault XP
 B = Vault XP
 C = Vault XP percentage of total XP
 D = Non-vault monster count
 E = Vault monster count
 F = Vault count percentage of total count
                 A         B        C        D         E       F
            +---------+---------+-------+---------+---------+-------
      Total |    2041 |     324 |  13.7 |     100 |      21 |  17.4
            +---------+---------+-------+---------+---------+-------
        D:1 |      37 |       3 |   7.5 |      18 |       2 |  10.0
        D:2 |     150 |     114 |  43.2 |      17 |      16 |  48.5
        D:3 |     174 |     207 |  54.3 |      18 |       3 |  14.3
        D:4 |     552 |       0 |   0.0 |      18 |       0 |   0.0
        D:5 |     759 |       0 |   0.0 |      22 |       0 |   0.0
        D:6 |     369 |       0 |   0.0 |       7 |       0 |   0.0
            +---------+---------+-------+---------+---------+-------
